 Dungeon Crawl Stone Soup version 0.29.1-2-gbd0b4ee654 (webtiles) character file.

Game seed: 5652262263945077388

370 cdecastro the Destroyer (level 6, -2/34 HPs)
             Began as a Tengu Conjurer on Nov 9, 2022.
             Was an Initiate of Vehumet.
             Slain by Duvessa
             ... wielding a +0 rapier
              (14 damage)
             ... on level 4 of the Dungeon.
             The game lasted 00:13:52 (4936 turns).

cdecastro the Destroyer (Tengu Conjurer)            Turns: 4936, Time: 00:13:53

Health: -2/34      AC:  3    Str:  8    XL:     6   Next: 70%
Magic:  2/10       EV: 15    Int: 20    God:    Vehumet [......]
Gold:   261        SH:  0    Dex: 18    Spells: 6/9 levels left

rFire   . . .      SeeInvis .   B - +5 dagger (speed)
rCold   . . .      Faith    .   (no shield)
rNeg    . . .      Spirit   .   a - +0 robe
rPois   +          Reflect  .   (helmet restricted)
rElec   .          Harm     .   (no cloak)
rCorr   .          Rampage  .   l - +0 pair of gloves
Will    .....                   (boots unavailable)
Stlth   ++........              w - amulet of magic regeneration
HPRegen 0.11/turn               e - ring of poison resistance
MPRegen 0.52/turn               t - +6 ring of dexterity

@: flying quickly and evasively, quick
A: beak, talons 3, nimble flight
a: Renounce Religion


You were on level 4 of the Dungeon.
You worshipped Vehumet.
Vehumet was noncommittal.
You visited 2 branches of the dungeon, and saw 5 of its levels.

You collected 261 gold pieces.

Inventory:

Hand Weapons
 B - a +5 dagger of speed (weapon)
Missiles
 d - 6 poisoned darts
 g - 8 boomerangs
 s - 4 javelins
Armour
 a - a +0 robe (worn)
 c - a +1 ring mail of cold resistance
 l - a +0 pair of gloves (worn)
Jewellery
 e - a ring of poison resistance (left hand)
 j - a ring of resist corrosion
 t - a +6 ring of dexterity (right hand)
 w - an amulet of magic regeneration (around neck)
 x - a ring of ice
Wands
 y - a wand of roots (10)
Scrolls
 h - a scroll of blinking {unknown}
 n - a scroll of immolation {unknown}
 q - a scroll of vulnerability {unknown}
 r - a scroll of acquirement {unknown}
 A - a scroll of fear {unknown}
Potions
 b - a potion of magic
 i - a potion of mutation
 m - 2 potions of lignification
 o - 2 potions of brilliance
 p - a potion of berserk rage
 u - 2 potions of attraction {unknown}
 v - a potion of flight {unknown}
 z - 2 potions of might {unknown}


   Skills:
 + Level 1.4 Fighting
 - Level 2.1 Dodging
 - Level 2.0 Stealth
 - Level 2.0 Spellcasting
 - Level 10.0 Conjurations


You had 6 spell levels left.
You knew the following spells:

 Your Spells              Type           Power      Damage    Failure   Level
a - Magic Dart            Conj           100%       1d8       1%          1
b - Searing Ray           Conj           84%        2d7       1%          2

Your spell library contained the following spells:

 Spells                   Type           Power      Damage    Failure   Level
 Dazzling Flash           Conj/Hex       44%        N/A       6%          3
 Mephitic Cloud           Conj/Pois/Air  15%        N/A       12%         3
 Summon Small Mammal      Summ           8%         N/A       16%         1
 Flame Wave               Conj/Fire      22%        2d8       21%         4
 Fulminant Prism          Conj/Hex       11%        3d9       21%         4
 Iskenderun's Mystic Bla  Conj/Tloc      22%        2d6       21%         4
 Call Imp                 Summ           2%         N/A       24%         2
 Scorch                   Fire           4%         2d5       24%         2
 Call Canine Familiar     Summ           2%         N/A       43%         3
 Summon Guardian Golem    Hex/Summ       2%         N/A       43%         3
 Summon Cactus Giant      Summ           1%         N/A       100%        6


Dungeon Overview and Level Annotations

Branches:
Dungeon (4/15)             Temple (1/1) D:4

Altars:
Cheibriados
Dithmenos
Elyvilon
Gozag
Hepliaklqana
Makhleb
Nemelex Xobeh
Ru
Sif Muna
Uskayaw
Vehumet
Wu Jian
Yredelemnul
The Shining One

Annotations:
D:4 Duvessa


Innate Abilities, Weirdness & Mutations

You have a beak for a mouth.
You have claws for feet.
Your magical nature lets you fly swiftly and evasively.


Message History

Duvessa is lightly wounded.
The searing ray hits Duvessa.
Duvessa is moderately wounded.
Duvessa completely misses you.
The searing ray hits Duvessa.
Duvessa is moderately wounded.
You finish channelling your searing ray.
Duvessa hits you with a +0 rapier! Duvessa barely misses you.
Casting: Searing Ray (safe; 1% risk of failure)
Confirm with . or Enter, or press ? or * to list all spells.
Aiming: Searing Ray (safe; 1% risk of failure)
Press: ? - help, Shift-Dir - straight line, f - Duvessa
Aim: Duvessa, wielding a +0 rapier, wearing a +3 chain mail of willpower and wearing a ring of ice (moderately wounded, berserk, 89% to hit)
The searing ray misses Duvessa. (Press . to maintain the ray.) Duvessa hits you but does no damage.
The searing ray hits Duvessa.
Duvessa is moderately wounded.
Duvessa barely misses you. Duvessa closely misses you.
The searing ray hits Duvessa.
Duvessa is moderately wounded.
Duvessa closely misses you.
The searing ray hits Duvessa.
Duvessa is heavily wounded.
You finish channelling your searing ray.
Duvessa hits you with a +0 rapier. Duvessa hits you with a +0 rapier!
* * * LOW HITPOINT WARNING * * *
Casting: Searing Ray (safe; 1% risk of failure)
Confirm with . or Enter, or press ? or * to list all spells.
Aiming: Searing Ray (safe; 1% risk of failure)
Press: ? - help, Shift-Dir - straight line, f/p - Duvessa
Aim: Duvessa, wielding a +0 rapier, wearing a +3 chain mail of willpower and wearing a ring of ice (heavily wounded, berserk, 89% to hit)
The searing ray hits Duvessa!
Duvessa is heavily wounded. (Press . to maintain the ray.) Duvessa barely misses you.
The searing ray hits Duvessa but does no damage.
Duvessa is heavily wounded.
Duvessa hits you with a +0 rapier!
You die...

#.# ##...##
#####.##### #.# ##'##
#.#
#.########.#########.#
#.##.......#......##.#
#.##.#####.#.####.##.#
#......##.......)....#
####.#.#..<...###.####
#.#........# #.#
#.#####@#.## #.# #.#
#e#.# #.#
#.#####.#.####.#
#..)....#......#
#######.######## #.#
#.# #####.####
#........#


You could see Duvessa (berserk).

Vanquished Creatures
  A scorpion (D:4)
  Dowan (D:4)
  A gnoll bouda (D:4)
  An orc wizard (D:3)
  8 gnolls
  5 adders
  An ufetubus (D:4)
  6 dart slugs
  10 orcs
  An endoplasm (D:2)
  2 giant cockroaches
  8 goblins
  6 hobgoblins
  2 quokkas
  3 ball pythons
  7 bats
  3 frilled lizards
  9 kobolds
  6 rats
81 creatures vanquished.

Vanquished Creatures (others)
  A plant (D:2)
1 creature vanquished.

Grand Total: 82 creatures vanquished

Notes
Turn   | Place    | Note
-------+----------+-------------------------------------------
     0 | D:1      | cdecastro the Tengu Conjurer began the quest for the Orb.
     0 | D:1      | Reached XP level 1. HP: 10/10 MP: 4/4
   263 | D:1      | Reached XP level 2. HP: 15/15 MP: 3/6
   377 | D:1      | Reached skill level 6 in Conjurations
   517 | D:1      | Learned a level 2 spell: Searing Ray
   849 | D:1      | Reached XP level 3. HP: 17/19 MP: 3/7
  1559 | D:2      | Reached skill level 7 in Conjurations
  2448 | D:3      | Found a faded altar of an unknown god.
  2454 | D:3      | Reached XP level 4. HP: 16/24 MP: 2/8
  2894 | D:3      | Reached skill level 8 in Conjurations
  3060 | D:3      | Found a sacrificial altar of Ru.
  3149 | D:3      | Gained mutation: Your magical nature lets you fly swiftly
                  | and evasively. [Tengu growth]
  3149 | D:3      | Reached XP level 5. HP: 28/28 MP: 5/9
  3249 | D:3      | Found a burning altar of Makhleb.
  3249 | D:3      | Noticed a cacodemon
  3255 | D:3      | Noticed a smoke demon
  3255 | D:3      | Noticed an orange demon
  3369 | D:3      | Found an opulent altar of Gozag.
  3679 | D:4      | Found a staircase to the Ecumenical Temple.
  3696 | Temple   | Entered the Ecumenical Temple
  3714 | Temple   | Became a worshipper of Vehumet
  3754 | D:4      | Reached skill level 9 in Conjurations
  3840 | D:4      | Reached XP level 6. HP: 32/32 MP: 6/10
  4112 | D:4      | Noticed Duvessa
  4112 | D:4      | Noticed Dowan
  4233 | D:4      | Killed Dowan
  4234 | D:4      | Reached skill level 10 in Conjurations
  4785 | D:4      | Reached skill level 1 in Fighting
  4936 | D:4      | Slain by Duvessa

Illustrated notes

Levels and vault maps discovered:
D:1:      minmay_arrival_three_doors, layout_basic, serial_bayou_crossing
D:2:      wad_lake_hut, layout_loops_ring
D:3:      layout_loops_ring, nicolae_ru_the_path_less_chosen,
          nicolae_gozag_seed_capital, makhleb_altar_promises_db,
          chequers_ecumenical_altar_island, hangedman_decor_growths
D:4:      layout_loops_corners, trog_hazing_becter,
          lemuel_coloured_pillars_altar, minmay_temple_entry_purple_smoke,
          uniq_duvessa
Temple:   minmay_freezing_vapour_temple

Skill      XL: |  1  2  3  4  5  6 |
---------------+-------------------+-----
Conjurations   | 6 7 8 9 10 | 10.0
Fighting       | 1 |  1.4
Dodging        | |  2.1
Stealth        | |  2.0
Spellcasting   | |  2.0

Action                   |  1- 3 |  4- 6 || total
-------------------------+-------+-------++-------
Melee: Dagger            |    14 |    17 ||    31
       Kick              |     5 |     4 ||     9
       Peck              |     5 |     1 ||     6
 Cast: Magic Dart        |    57 |     1 ||    58
       Searing Ray       |     7 |    39 ||    46
  Use: Scroll            |       |     6 ||     6
 Stab: Sleeping          |     2 |     1 ||     3
Armor: Robe              |     2 |     3 ||     5
Dodge: Dodged            |    25 |    41 ||    66
